 Dungeon Crawl Stone Soup version 0.18-a0-960-g77c8fc5 (webtiles) character file.

35 M4edhros the Charlatan (level 3, 0/23 HPs)
             Began as an Octopode Artificer on Dec 31, 2015.
             Slain by a worker ant (6 damage)
             ... on level 3 of the Dungeon.
             The game lasted 00:00:51 (606 turns).

M4edhros the Charlatan (Octopode Artificer)          Turns: 606, Time: 00:00:51

Health: 0/23       AC:  1    Str: 10    XL:     3   Next: 33%
Magic:  5/5        EV: 12    Int: 15    God:
Gold:   35         SH:  0    Dex: 12    Spells: 0 memorised, 2 levels left

rFire  + . .     SeeInvis .     a - +0 short sword
rCold  + . .     Gourm    .     (no shield)
rNeg   . . .     Faith    .     (helmet restricted)
rPois  +         Spirit   .     (no amulet)
rElec  +         Dismiss  .     (no ring)
rCorr  +         Reflect  .     (no ring)
SustAt .         Harm     .     (no ring)
MR     .....                    (no ring)
Stlth  +++.......               (no ring)
                                (no ring)
                                (no ring)
                                (no ring)

@: lethally poisoned (0 -> -3), resistant, not resistant to hostile
enchantments, fairly stealthy
A: almost no armour, amphibious, 8 rings, constrict 8, camouflage 1, gelatinous
body 1
a: no special abilities


You were on level 3 of the Dungeon.
You were not hungry.

You visited 1 branch of the dungeon, and saw 4 of its levels.

You collected 35 gold pieces.

Inventory:

Hand Weapons
 a - a +0 short sword (weapon)
Missiles
 h - 46 stones (quivered)
Jewellery
 k - a +2 ring of intelligence {unknown}
Wands
 b - a wand of flame (12/48)
 c - a wand of enslavement (15/24)
 d - a wand of random effects (13/48)
Scrolls
 e - 2 scrolls of identify {unknown}
 g - a scroll of remove curse {unknown}
 j - a scroll of immolation {unknown}
Comestibles
 f - a bread ration
 l - a meat ration


   Skills:
 - Level 1.0 Fighting
 - Level 1.0 Short Blades
 * Level 2.6 Dodging
 * Level 3.2 Stealth
 + Level 3.5 Evocations


You had 2 spell levels left.
You didn't know any spells.

Dungeon Overview and Level Annotations

Branches:
Dungeon (4/15)
 Temple: D:4-7

Altars:
Cheibriados
Nemelex Xobeh

Annotations:
D:1 1 runed door
D:4 Edmund


Innate Abilities, Weirdness & Mutations

You cannot wear most types of armour.
You are amphibious.
You can wear up to eight rings at the same time.
You can use your tentacles to constrict eight enemies at once.
Your skin changes colour to match your surroundings (Stealth).
Your rubbery body absorbs attacks (AC +1).


Message History

The worker ant bites you!
You are poisoned.
The worker ant poisons you!
You climb upwards.
You feel sick.
There is a stone staircase leading down here.
Drink which item? (? for menu, Esc to quit)
It was a potion of resistance.
You feel protected.
You feel sick. The worker ant closely misses you.
You barely miss the worker ant. You grab the worker ant.
You constrict the worker ant. The worker ant bites you!
You hit the worker ant but do no damage.
The worker ant is lightly wounded.
You constrict the worker ant, but do no damage.
The worker ant misses you.
You hit the worker ant but do no damage.
The worker ant is lightly wounded.
You constrict the worker ant.
You feel sick. The worker ant completely misses you. The worker ant bites you.
You die...

#.## .... .. #..## #.#
#... ....# #..# #.#.#
#..# #.#.#
#######..####.#.#### ##
.......@.÷..[..........
.......a.÷......##...#
...........##...##...###
.#...#..................
.....+...######.##...#..
.#.. #...# #.##...#.# #.
#...######.##...... #.
#..................
#...######.##.#.###


You could see a worker ant.

Vanquished Creatures
  2 adders (D:3)
  3 giant geckos
  An orc (D:3)
  A giant cockroach (D:3)
  3 goblins (D:3)
  A quokka (D:2)
  A bat (D:1)
  A kobold (D:3)
13 creatures vanquished.

Notes
Turn   | Place    | Note
--------------------------------------------------------------
     0 | D:1      | M4edhros the Octopode Artificer began the quest for the Orb.
     0 | D:1      | Reached XP level 1. HP: 13/13 MP: 3/3
     1 | D:1      | Found a runed door.
   113 | D:1      | Found a sparkling altar of Nemelex Xobeh.
   176 | D:3      | Found a snail-covered altar of Cheibriados.
   186 | D:3      | Reached XP level 2. HP: 11/18 MP: 4/4
   316 | D:3      | Reached XP level 3. HP: 16/23 MP: 5/5
   600 | D:4      | Noticed Edmund
   606 | D:3      | Slain by a worker ant

Vault maps used:
D:1:      dpeg_arrival_caged_fury, minmay_misc_feat_plants, nemelex_altar_shiori
D:2:      wad_lake_hut
D:3:      forest_paths, cheibriados_altar_1, grunt_dithmenos_smoke_and_mirrors,
          lemuel_coloured_pillars_altar, lemuel_statue_altar
D:4:      grunt_temple_overflow_diamond, minmay_temple_entry_grid, uniq_edmund

Action                   || total
-------------------------++-------
Melee: Short sword       ||    31
Evoke: Wand              ||     5
  Use: Potion            ||     1
 Stab: Sleeping          ||     4
